 Dungeon Crawl Stone Soup version 0.21-a0-286-g6fcecc0 (webtiles) character file.

160 Lavandula the Chiller (level 5, -1/39 HPs)
             Began as a Ghoul Ice Elementalist on Sept 27, 2017.
             Slain by a howler monkey (7 damage)
             ... on level 5 of the Dungeon.
             The game lasted 00:07:59 (1019 turns).

Lavandula the Chiller (Ghoul Ice Elementalist)      Turns: 1019, Time: 00:08:00

Health: -1/39      AC:  2    Str: 12    XL:     5   Next: 41%
Magic:  5/7        EV: 12    Int: 11    God:
Gold:   110        SH:  0    Dex:  9    Spells: 1/9 levels left

rFire    . . .     SeeInvis .     - Unarmed
rCold    + . .     Gourm    .   (no shield)
rNeg     + + +     Faith    .   a - +0 robe
rPois    ∞         Spirit   .   (no helmet)
rElec    .         Reflect  .   (no cloak)
rCorr    .         Harm     .   (no gloves)
MR       .....                  (no boots)
Stlth    ++........             (no amulet)
HPRegen  0.00/turn              (no ring)
MPRegen  0.10/turn              (no ring)

@: rotting, hasted, very quick
A: rotting body, claws 1, carnivore 3, cold resistance 1, negative energy
resistance 3, inhibited regeneration, torment resistance, unbreathing
a: no special abilities


You were on level 5 of the Dungeon.
You were not hungry.

You visited 1 branch of the dungeon, and saw 5 of its levels.

You collected 110 gold pieces.

Inventory:

Hand Weapons
 j - a +0 dagger of protection
Missiles
 m - 2 throwing nets (quivered)
Armour
 a - a +0 robe (worn)
Wands
 d - a wand of random effects (17/48)
Scrolls
 f - a scroll of enchant weapon {unknown}
 h - a scroll of noise {unknown}
 k - a scroll of remove curse
 n - a scroll of recharging {unknown}
Potions
 e - 2 potions of degeneration {unknown}
 g - a potion of haste
 i - 2 potions of flight {unknown}
 l - 2 potions of curing {unknown}
Books
 b - a book of Frost

   Spells                             Type                      Level
   a - Freeze                         Ice                          1
   b - Throw Frost                    Conjuration/Ice              2
   c - Ozocubu's Armour               Charms/Ice                   3
   d - Throw Icicle                   Conjuration/Ice              4
   e - Summon Ice Beast               Ice/Summoning                4
Comestibles
 c - 2 meat rations


   Skills:
 + Level 0.9 Fighting
 - Level 1.7 Dodging
 - Level 2.1 Stealth
 - Level 2.0 Unarmed Combat
 - Level 2.6 Spellcasting
   Level 0.7 Conjurations
 - Level 1.0 Summonings
 - Level 5.0 Ice Magic


You had one spell level left.
You knew the following spells:

 Your Spells              Type           Power        Failure   Level  Hunger
a - Freeze                Ice            ##..         3%          1    ##.....
b - Ozocubu's Armour      Chrm/Ice       #.......     28%         3    ####...
c - Summon Ice Beast      Ice/Summ       #.......     61%         4    #####..


Dungeon Overview and Level Annotations

Branches:
Dungeon (4/15)
 Temple: D:4-7

Altars:


Innate Abilities, Weirdness & Mutations

Your body is rotting away.
You thrive on raw meat.
You are immune to poison.
You have sharp fingernails.
You are carnivorous and can eat meat at any time.
Your flesh is cold resistant. (rC+)
You are immune to negative energy. (rN+++)
You do not regenerate when monsters are visible.
You are immune to unholy pain and torment.
You can survive without breathing.


Message History

The howler monkey is moderately wounded.
The centaur unwields an uncursed shortbow.
The centaur hits you. The howler monkey misses you.
Unknown command.
Casting: Freeze
Confirm with . or Enter, or press ? or * to list all spells.
Aiming: Freeze
Press: ? - help, Shift-Dir - straight line, f/p - howler monkey
Aim: a howler monkey (moderately wounded, catching its breath)
You freeze the howler monkey.
The howler monkey is moderately wounded.
The centaur barely misses you. The howler monkey barely misses you.
The centaur hits you!
* * * LOW HITPOINT WARNING * * *
Unknown command.
Okay, then.
It was a potion of haste.
You feel yourself speed up.
The howler monkey hoots and howls with incredible vigour!
The centaur completely misses you. The howler monkey hits you!
You die...

#.............
######..#....#...##
#...##..#. #.....#
#.#...... #....##
... #..#####.#.## #
#.# #........#.#
#.###.###.########.#
#.........# #+#
####.@(#### #ch.#
#....... #........#
#(.........
###......###
#...#..# ######.#


You could see a centaur and a howler monkey.

Vanquished Creatures
  An orc wizard (D:3)
  3 gnolls (D:3)
  2 adders
  A shadow imp (D:5)
  2 oozes
  An adder skeleton (D:5)
  A worm (D:3)
  2 dart slugs (D:1)
  2 leopard geckos (D:3)
  5 orcs (D:3)
  6 giant cockroaches
  3 goblins (D:3)
  A hobgoblin (D:3)
  7 jackals
  A quokka (D:3)
  3 bats (D:3)
  A frilled lizard (D:1)
  7 kobolds
  5 rats
54 creatures vanquished.

Notes
Turn   | Place    | Note
-------+----------+-------------------------------------------
     0 | D:1      | Lavandula the Ghoul Ice Elementalist began the quest for the Orb.
     0 | D:1      | Reached XP level 1. HP: 14/14 MP: 2/2
    43 | D:1      | Reached skill level 1 in Unarmed Combat
    75 | D:1      | Reached XP level 2. HP: 19/20 MP: 1/3
   275 | D:1      | Reached XP level 3. HP: 22/26 MP: 1/5
   324 | D:3      | Learned a level 3 spell: Ozocubu's Armour
   351 | D:3      | Reached skill level 4 in Ice Magic
   456 | D:3      | Reached XP level 4. HP: 21/31 MP: 0/6
   573 | D:3      | Reached skill level 5 in Ice Magic
   723 | D:3      | Reached XP level 5. HP: 26/37 MP: 3/7
   738 | D:3      | Learned a level 4 spell: Summon Ice Beast
   887 | D:4      | Reached skill level 1 in Summonings
   977 | D:4      | You fall through a shaft!
   977 | D:5      | Entered Level 5 of the Dungeon
  1014 | D:5      | Noticed a centaur
  1019 | D:5      | Slain by a howler monkey

Vault maps used:
D:1:      dpeg_arrival_prison
D:2:      lemuel_crystal_altar
D:3:      corexii_shack
D:4:      minmay_temple_entry_overgrown, first_bread, kennysheep_boxes
D:5:      vehumet_statue, trog_eyes_of_draining, minivault_27

Skill      XL: |  1  2  3  4  5 |
---------------+----------------+-----
Unarmed Combat | 1 2 |  2.0
Spellcasting   | 2 |  2.6
Ice Magic      | 4 5 |  5.0
Summonings     | 1 |  1.0
Fighting       | |  0.9
Dodging        | |  1.7
Stealth        | |  2.1
Conjurations   | |  0.7

Action                   |  1- 3 |  4- 6 || total
-------------------------+-------+-------++-------
Melee: Unarmed           |    65 |    57 ||   122
 Cast: Freeze            |    30 |    33 ||    63
       Ozocubu's Armour  |       |     1 ||     1
  Use: Scroll            |       |     3 ||     3
       Potion            |       |     1 ||     1
 Stab: Sleeping          |     3 |     2 ||     5
  Eat: Chunk             |     5 |    14 ||    19
Armor: Robe              |    16 |    14 ||    30
Dodge: Dodged            |    55 |    69 ||   124

Table legend:
 A = Spawn XP
 B = Non-spawn XP
 C = Spawn XP percentage of total XP
 D = Spawn monster count
 E = Non-spawn monster count
 F = Spawn count percentage of total count
 G = Total turns spent on level
                    A         B        C        D         E        F      G
               +---------+---------+-------+---------+---------+-------+---------
         Total |       0 |     229 |   0.0 |       0 |      54 |   0.0 |  1019
               +---------+---------+-------+---------+---------+-------+---------
           D:1 |       0 |      28 |   0.0 |       0 |      13 |   0.0 |   244
           D:2 |       0 |       6 |   0.0 |       0 |       3 |   0.0 |    47
           D:3 |       0 |     156 |   0.0 |       0 |      30 |   0.0 |   581
           D:4 |       0 |      23 |   0.0 |       0 |       6 |   0.0 |   105
           D:5 |       0 |      16 |   0.0 |       0 |       2 |   0.0 |    42
               +---------+---------+-------+---------+---------+-------+---------
